Map: Deathaura LE

Players

NYK

  • Race: Zerg Zerg
  • League: Grandmaster
  • Spawn Location: 5:00

Jason - Winner!

  • Race: Terran Terran
  • League: Grandmaster
  • Spawn Location: 11:00

Event: The Miserable Cup

VOD

Have the link to the VOD?

Description

Time

  • Played on: June 19, 2020, 10:23 a.m.
  • Length: 18:52

All games in this series

Show
View Real Time Build Order
Export as new Build Order

NYK Zerg 

Build Orders: Hatch First 

Get SALT Encoding   

  12  0:01  Drone  
  13  0:12  Overlord  
  13  0:16  Drone  
  14  0:30  Drone  
  14  0:31  Drone  
  16  0:48  Hatchery  
  15  0:51  Drone  
  15  0:54  Drone  
  17  0:59  Drone  
  18  1:08  Extractor  
  17  1:14  Spawning Pool  
  17  1:17  Drone  
  17  1:19  Drone  
  18  1:28  Drone  
  19  1:39  Drone  
  20  1:50  Drone  
  21  2:00  Queen x2  
  26  2:01  Zergling x4  
  27  2:16  Hatchery  
  27  2:21  Metabolic Boost  
  26  2:23  Overlord  
  26  2:28  Drone  
  26  2:29  Drone  
  28  2:34  Spore Crawler  
  28  2:47  Queen  
  28  2:50  Overlord  
  31  2:51  Drone x2  
  31  2:52  Drone  
  33  2:58  Drone x2  
  35  3:06  Overlord, Drone  
  36  3:19  Drone x5  
  41  3:25  Queen  
  43  3:27  Queen  
  43  3:34  Drone x2  
  47  3:40  Zergling x8  
  51  3:48  Queen, Baneling Nest  
  50  3:54  Overlord, Drone  
  50  3:55  Drone  
  54  3:58  Drone x2  
  54  3:59  Drone  
  57  4:13  Drone x7  
  64  4:27  Overlord x3  
  64  4:32  Roach Warren  
  63  4:44  Overlord x2  
  63  4:45  Queen x3, Extractor  
  68  4:47  Extractor  
  68  4:48  Spore Crawler  
  68  4:49  Spore Crawler  
  68  4:50  Spore Crawler  
  64  4:57  Drone x5  
  64  4:58  Drone  
  64  4:59  Drone  
  71  5:00  Drone  
  71  5:02  Drone  
  73  5:17  Roach x7  
  87  5:31  Roach x5  
  95  5:47  Queen  
  95  5:48  Queen  
  94  5:56  Drone x7  
  94  5:58  Lair  
  86  6:08  Drone x2  
  86  6:09  Drone x3  
  89  6:26  Extractor x2  
  87  6:33  Evolution Chamber  
  87  6:34  Overlord x3  
  87  6:35  Evolution Chamber  
  87  6:36  Drone x3  
  84  6:50  Drone x4  
  86  6:55  Spore Crawler  
  79  7:04  Drone x2  
  79  7:05  Drone x9  
  86  7:09  Spire  
  86  7:12  Hatchery, Zergling x6  
  79  7:27  Extractor  
  79  7:29  Zerg Missile Weapons Level 1, Centrifical Hooks, Zerg Melee Weapons Level 1, Glial Reconstitution  
  78  7:30  Zergling x2  
  78  7:31  Zergling x8  
  83  7:49  Roach x2  
  83  7:50  Roach x2  
  83  7:51  Drone x6  
  97  7:57  Roach x6  
  101  8:23  Drone x7  
  105  8:27  Corruptor x6  
  115  8:41  Corruptor x3  
  115  8:56  Queen x3  
  115  9:06  Drone x7  
  115  9:07  Overlord x2  
  115  9:08  Overlord x3  
  116  9:11  Ravager  
  116  9:15  Infestation Pit  
  116  9:16  Corruptor x2  
  116  9:21  Zerg Flyer Weapons Level 1  
  107  9:30  Zergling x20  
  107  9:31  Zergling x6  
  120  9:35  Corruptor  
  120  9:37  Corruptor  
  120  9:45  Queen, Extractor  
  119  9:51  Roach x4  
  129  9:53  Baneling x6  
  129  10:01  Roach  
  129  10:02  Roach x4  
  139  10:08  Hatchery  
  139  10:09  Hive  
  139  10:10  Zerg Melee Weapons Level 2  
  138  10:16  Spine Crawler  
  138  10:17  Spine Crawler  
  138  10:18  Spore Crawler  
  138  10:19  Corruptor  
  137  10:22  Ravager x3  
  137  10:23  Ravager x2  
  137  10:25  Baneling x2  
  137  10:26  Baneling x2  
  142  10:33  Roach x5  
  142  10:34  Roach  
  154  10:36  Overseer  
  154  10:38  Overlord  
  154  10:42  Drone x5  
  159  10:43  Drone  
  159  10:47  Overlord x2  
  159  10:50  Baneling x4  
  159  10:51  Baneling x2  
  159  10:53  Overlord  
  157  11:07  Zergling x28  
  159  11:22  Zerg Missile Weapons Level 2  
  159  11:24  Drone x3  
  162  11:28  Ravager x6  
  162  11:29  Zergling x16  
  162  11:30  Zergling x6  
  179  11:33  Baneling x2  
  179  11:34  Baneling x17  
  179  11:37  Drone  
  179  11:38  Drone x2, Extractor  
  181  11:42  Greater Spire  
  181  11:43  Overseer  
  181  11:54  Overlord  
  181  11:55  Overlord x4  
  181  12:03  Corruptor x4  
  181  12:07  Queen  
  181  12:08  Extractor  
  189  12:16  Zergling x2  
  189  12:17  Zergling x18  
  197  12:27  Zergling x2  
  197  12:28  Zergling x20  
  194  12:34  Zergling x6  
  195  12:38  Zerg Melee Weapons Level 3  
  195  12:39  Adrenal Glands  
  195  12:41  Zergling x6  
  194  12:45  Corruptor x2  
  194  12:50  Drone x3  
  198  12:52  Spore Crawler  
  198  12:57  Zergling x2  
  198  12:58  Zergling x10  
  199  13:05  Baneling x11  
  199  13:06  Baneling x13  
  199  13:12  Overseer  
  198  13:28  Baneling x6  
  198  13:33  Baneling  
  198  13:34  Baneling x6  
  198  13:42  Extractor  
  198  13:43  Zergling x4  
  199  13:48  Hatchery  
  199  13:53  Brood Lord x4  
  196  13:57  Zergling x18  
  198  14:25  Baneling x12  
  198  14:26  Hatchery  
  198  14:27  Brood Lord  
  193  14:33  Zergling x22  
  193  14:34  Zergling x2  
  186  14:49  Zergling x32  
  186  14:50  Zergling x10  
  195  14:57  Roach x7  
  197  15:02  Roach  
  196  15:07  Roach Warren, Baneling Nest  
  196  15:10  Roach x7  
  185  15:18  Zergling x6  
  185  15:19  Zergling x2  
  182  15:24  Overseer x2  
  182  15:28  Zergling x6  
  170  15:35  Zergling x2  
  170  15:36  Zergling x14  
  170  15:39  Brood Lord x7  
  170  15:40  Brood Lord x2  
  192  15:45  Zergling x8  
  195  15:53  Drone x3  
  196  16:04  Hatchery  
  194  16:05  Zergling x16  
  194  16:09  Drone  
  194  16:10  Drone  
  197  16:16  Ravager x2  
  197  16:17  Ravager x3  
  198  16:27  Corruptor  
  198  16:30  Overlord x2  
  189  16:41  Corruptor x4  
  189  16:44  Zergling x2  
  196  16:52  Queen  
  184  16:55  Corruptor x6  
  184  16:56  Corruptor  
  184  17:06  Zergling x12  
  184  17:07  Zergling x2  
  155  17:16  Roach x3  
  155  17:17  Roach  
  155  17:21  Baneling  
  155  17:22  Baneling x4  
  147  17:30  Roach x6  
  147  17:35  Baneling x9  
  147  17:36  Baneling  
  156  17:44  Roach x5  
  149  17:57  Roach x6  
  140  17:59  Ravager x2  
  140  18:02  Roach  
  140  18:03  Roach x2  
  140  18:04  Ravager  
  140  18:05  Ravager x5  
  152  18:11  Roach x3  
  151  18:18  Roach x3  
  145  18:28  Roach  
  145  18:29  Roach x5  
Show
View Real Time Build Order
Export as new Build Order

Jason Terran - Winner!

Build Orders: Hellion Opening, Reaper Expand, Mech 

Get SALT Encoding   

  12  0:00  SCV  
  13  0:13  SCV  
  14  0:17  Supply Depot  
  14  0:25  SCV  
  15  0:39  SCV  
  15  0:40  Barracks  
  16  0:44  Refinery  
  16  0:51  SCV  
  17  1:03  SCV  
  18  1:15  SCV  
  19  1:28  Reaper, Orbital Command  
  20  1:41  Command Center  
  20  1:50  Supply Depot  
  20  1:55  SCV  
  20  2:00  Marine  
  22  2:08  SCV  
  23  2:10  Factory  
  23  2:17  Refinery  
  23  2:20  SCV, Barracks Reactor  
  24  2:32  SCV  
  25  2:44  SCV  
  26  2:54  Orbital Command, Starport  
  26  2:57  SCV  
  27  3:06  Supply Depot, Barracks Tech Lab  
  27  3:07  Hellion x2  
  27  3:10  SCV  
  32  3:20  SCV  
  32  3:22  SCV  
  34  3:28  Hellion x2  
  34  3:32  Fusion Core  
  38  3:34  SCV  
  38  3:36  SCV  
  40  3:44  Marine, Supply Depot  
  40  3:46  SCV  
  42  3:48  SCV  
  42  3:53  Hellion x2  
  47  3:58  SCV  
  48  4:09  SCV  
  48  4:10  SCV, Supply Depot  
  48  4:15  Hellion x2  
  53  4:21  Battlecruiser  
  53  4:23  SCV x2  
  61  4:36  Armory  
  61  4:37  Hellion  
  61  4:38  SCV, Hellion  
  66  4:40  SCV  
  66  4:41  Supply Depot  
  67  4:49  Refinery  
  67  4:50  Refinery, SCV  
  68  4:52  SCV  
  69  5:02  SCV  
  69  5:05  SCV  
  69  5:06  Command Center  
  71  5:14  SCV  
  71  5:17  SCV  
  71  5:19  Factory  
  73  5:21  Factory  
  73  5:26  SCV  
  74  5:34  Hellion x2  
  78  5:47  SCV x2  
  76  5:55  Hellion x2  
  68  5:59  SCV x2  
  68  6:00  Battlecruiser  
  72  6:09  Factory Tech Lab  
  72  6:10  Factory Tech Lab  
  74  6:11  SCV x2  
  74  6:14  Terran Vehicle And Ship Armor Level 1  
  74  6:23  SCV x2  
  76  6:29  Refinery, Siege Tank  
  79  6:33  Siege Tank  
  79  6:35  SCV x2  
  72  6:47  SCV x2, Orbital Command  
  72  6:50  Weapon Refit  
  72  6:59  SCV x2  
  74  7:02  Factory x2  
  74  7:09  Refinery  
  74  7:11  SCV  
  74  7:12  SCV x2  
  74  7:14  Refinery  
  77  7:24  SCV x3  
  77  7:27  Armory  
  80  7:34  Thor  
  80  7:36  SCV  
  87  7:37  SCV  
  87  7:38  SCV  
  87  7:40  Engineering Bay  
  87  7:41  Engineering Bay  
  89  7:47  Command Center  
  89  7:48  SCV, Factory Tech Lab  
  89  7:49  Factory Tech Lab, SCV  
  89  7:50  Supply Depot x2  
  91  7:55  Hellion  
  92  7:59  SCV  
  92  8:03  SCV  
  92  8:04  SCV  
  92  8:06  Hellion  
  92  8:11  Command Center  
  93  8:14  SCV  
  93  8:28  Supply Depot  
  93  8:29  Supply Depot  
  93  8:30  Supply Depot  
  93  8:41  Supply Depot  
  93  8:42  Supply Depot  
  93  8:48  Factory x3  
  93  8:49  Thor, SCV  
  93  8:50  Missile Turret, SCV  
  93  8:51  Cyclone x3, SCV, Hellion  
  113  8:57  Hellion  
  113  9:02  SCV x2  
  106  9:03  SCV  
  104  9:12  Terran Vehicle And Ship Armor Level 2, Hellion  
  104  9:14  SCV x2  
  104  9:16  SCV  
  109  9:18  Hellion  
  109  9:23  Cyclone x3  
  120  9:26  SCV x2  
  120  9:29  Missile Turret  
  122  9:36  SCV  
  122  9:38  SCV  
  124  9:39  Hellion x2  
  128  9:46  SCV  
  128  9:48  SCV  
  128  9:51  Factory Tech Lab  
  130  9:53  Factory Tech Lab  
  130  9:54  Starport Tech Lab  
  130  9:56  SCV, Factory Reactor  
  130  9:58  SCV  
  132  10:02  Missile Turret  
  132  10:07  Siege Tank  
  132  10:08  Siege Tank  
  132  10:09  Refinery x2  
  132  10:10  Hellion  
  140  10:15  Missile Turret  
  140  10:17  Terran Vehicle Weapons Level 1  
  140  10:18  Raven  
  142  10:23  Planetary Fortress  
  142  10:25  SCV x2  
  144  10:33  Infernal Pre-Igniter, Mag-Field Accelerator  
  144  10:34  Drilling Claws  
  144  10:38  Supply Depot  
  144  10:39  Supply Depot  
  144  10:41  Supply Depot  
  144  10:44  Hellion x2  
  144  10:48  Smart Servos  
  148  11:00  Cyclone x2, Hellion x2  
  156  11:07  Command Center  
  156  11:08  Supply Depot  
  149  11:11  Cyclone x2  
  149  11:12  Hellion x2  
  149  11:16  Hellion  
  156  11:21  Hellion  
  156  11:22  Hellion  
  156  11:23  Missile Turret, Command Center  
  160  11:26  Sensor Tower  
  160  11:30  Terran Vehicle And Ship Armor Level 3, Missile Turret, Sensor Tower  
  160  11:31  Sensor Tower  
  160  11:32  Cyclone x2  
  166  11:35  Hellion  
  166  11:37  Cyclone  
  171  11:43  Siege Tank  
  171  11:44  Siege Tank  
  177  11:49  Hellion  
  179  11:56  Hellion  
  181  12:01  Starport  
  181  12:02  Starport  
  181  12:03  Factory Tech Lab, Raven  
  181  12:04  Cyclone  
  186  12:12  Command Center  
  186  12:14  Terran Vehicle Weapons Level 2  
  186  12:28  Cyclone  
  186  12:29  Cyclone, Hellion x2  
  168  12:33  Cyclone  
  168  12:34  Hellion x2  
  168  12:36  Widow Mine x2  
  178  12:44  Hellion  
  178  12:45  Starport Tech Lab  
  178  12:50  Hellion  
  176  12:57  Cyclone, Hellion x2  
  184  13:00  Cyclone  
  184  13:01  Cyclone  
  187  13:15  Refinery  
  187  13:16  Refinery  
  185  13:20  Cyclone, Hellion  
  185  13:25  Hellion x2  
  194  13:28  Widow Mine  
  194  13:30  Orbital Command  
  194  13:32  Orbital Command  
  196  13:34  Command Center  
  196  13:36  Planetary Fortress  
  196  13:40  Planetary Fortress  
  196  13:41  Refinery, Missile Turret  
  196  13:43  Refinery, Sensor Tower  
  193  13:58  SCV x2  
  192  14:03  Hellion x10  
  192  14:11  Viking x3  
  198  14:17  Supply Depot x2  
  198  14:19  Command Center  
  198  14:23  Factory Tech Lab  
  192  14:34  Thor  
  195  14:39  Hellion x2  
  195  14:41  Viking  
  188  14:47  Thor x2  
  188  14:49  Viking  
  188  14:51  Viking  
  188  15:00  Thor  
  188  15:04  SCV x3  
  193  15:13  SCV  
  193  15:19  Cyclone, Hellion x2  
  192  15:26  Viking x2  
  176  15:37  Thor  
  172  15:45  Thor  
  174  16:08  Cyclone, Hellion  
  176  16:12  Viking  
  176  16:13  Thor x2  
  190  16:20  Thor, Hellion  
  190  16:21  Hellion  
  190  16:24  Terran Ship Weapons Level 1  
  200  16:30  SCV x3  
  200  16:31  SCV  
  193  16:49  Viking  
  193  16:52  Cyclone, Hellion  
  193  16:53  Hellion  
  197  16:55  Hellion  
  197  17:02  Hellion  
  199  17:33  Orbital Command  
  199  17:36  Factory Tech Lab  
  199  17:40  Command Center  
  199  17:44  Command Center x2  
  199  17:57  Cyclone x2, Hellion x2  
  199  17:58  Missile Turret  
  190  17:59  SCV x3  
  190  18:00  Missile Turret  
  190  18:02  Missile Turret  
  190  18:03  Missile Turret x4, Sensor Tower  
  190  18:05  Hellion  
  189  18:15  Hellion  
  186  18:20  Cyclone x2, Hellion x2  
  186  18:25  Missile Turret  
  193  18:27  Missile Turret  
  193  18:29  Hellion x2  
  197  18:39  SCV x2  
Tags
 
Add a new tag
Caveats
  • Supply blocks, unpowered buildings, or Contaminate may cause inaccurate times.
  • Supply counts are checked every 10 seconds.